[Event "Early-Titled-Tuesday-Blitz-May-07-2024"]
[Site "Chess.com"]
[Date "2024.05.07"]
[Round "11"]
[White "MikeWizard"]
[Black "Louis-Paulsen-Fan"]
[Result "1/2-1/2"]
[WhiteElo "2067"]
[BlackElo "2350"]
[TimeControl "180+1"]
[EndTime "10:15:30 PDT"]
[Termination "Game drawn by repetition"]

1. d4 d5 2. c4 e6 3. Nc3 c5 4.
cxd5 exd5 5. Nf3 Nc6 6. g3 c4 7.
Bg2 Bb4 8. O-O Nge7 9. Bf4 O-O 10. Ne5 Be6 11. a3 Ba5 12. e3 Rc8 13. Nxc6 bxc6 14. e4 Bxc3 15. bxc3 dxe4 16. Bxe4 Bd5 17. Re1 Bxe4 18.
Rxe4 Nd5 19. Bd2 Qa5 20. Re5 Rfe8 21. Qg4 Rcd8 22. Rxe8+ Rxe8 23. Qd7 Qd8 24. Qxc6 Re2 25. Rb1 h6 26. Be1 Qe7 27. Kf1 Nf6 28. Qxc4 Re4 29.
Rb8+ Kh7 30. Qd3 g6 31. c4 Rxe1+ 32. Kg2 Rc1 33. c5 Qe1 34. Kh3 h5 35. Qf3 Kg7 36. Rb7 Qf1+ 37. Qg2 Qxg2+ 38. Kxg2 Rd1 39. c6 Rxd4 40. c7 Rc4 41. Rxa7 Nd5 42. Kf3 Rxc7 43. Rxc7 Nxc7 44. Ke4 Kf6 45. Kd4 Kf5 46. Kc5 Ke4 47.
a4 Kf3 48. Kc6 Na6 49. Kb6 Nb4 50. Kc5 Na6+ 51. Kb5 Nb8 52. Kb6 Kxf2 53. a5 Nd7+ 54. Kc7 Nc5 55. Kc6 Na6 56. Kb6 Nb4 57. Kb5 Nd5 58.
Kc5 Nc7 59. Kc6 Na6 60. Kb6 Nb4 61. Kb5 Nd5 62. Kc5 Nc7 63. Kc6 Na6 1/2-1/2

[Event "Early-Titled-Tuesday-Blitz-May-07-2024"]
[Site "Chess.com"]
[Date "2024.05.07"]
[Round "11"]
[White "PenguinPacks"]
[Black "Witik"]
[Result "1-0"]
[WhiteElo "2501"]
[BlackElo "2809"]
[TimeControl "180+1"]
[EndTime "10:15:31 PDT"]
[Termination "PenguinPacks won on time"]

1. e4 c6 2. d4 d5 3. f3 dxe4 4. fxe4 e5 5. Nf3 Bg4 6. c3 Nd7 7. Nbd2 Ngf6 8. Be2 Qc7 9. O-O Bd6 10. Nc4 Nxe4 11.
Nfxe5 Nxe5 12. dxe5 Bc5+ 13. Kh1 Be6 14. Qe1 O-O-O 15.
b4 Bf2 16. Rxf2 Nxf2+ 17. Qxf2 Bxc4 18. Bxc4 Rd1+ 19. Bf1 Rhd8 20. e6 fxe6 21. Bf4 Qf7 22. Rxd1 Rxd1 23. Kg1 Qf5 24. Qe2 Ra1 25. Bg3 a6 26.
Bf2 h5 27. h3 g5 28. Kh2 h4 29. Kg1 Qf4 30. Qf3 Qxf3 31. gxf3 Rxa2 32. Bd4 Ra1 33. Bf6 Rc1 34. Kf2 Rc2+ 35. Ke3 Rc1 36. Be2 Rh1 37. Bxg5 Rxh3 38. Kf2 Rh2+ 39. Kf1 h3 40. Bf4 Rh1+ 41. Kf2 Rb1 42. Be5 Rb2 43. Bh2 Rc2 44. Be5 h2 45. Bxh2 Rxc3 46. Bd6 Rb3 47. Bc5 Kc7 48. Bf8 b6 49. Bc4 Rc3 50. Bxe6 Rc2+ 51.
Kg3 Re2 52. Bg4 Re8 53. Bh6 Ra8 54. f4 a5 55. bxa5 Rxa5 56. f5 Kd6 57. f6 Ra7 58. Bf8+ Ke5 59. Be7 Ra8 60. f7 b5 61. Bd7 c5 62.
Bxb5 Kd4 63. Be8 1-0

[Event "Early-Titled-Tuesday-Blitz-May-07-2024"]
[Site "Chess.com"]
[Date "2024.05.07"]
[Round "11"]
[White "Kirill_Klukin"]
[Black "SharapovEvgeny"]
[Result "1-0"]
[WhiteElo "2847"]
[BlackElo "2649"]
[TimeControl "180+1"]
[EndTime "10:15:32 PDT"]
[Termination "Kirill_Klukin won by resignation"]

1. Nf3 c5 2. e3 d5 3. b3 Nc6 4.
Bb2 Nf6 5. Be2 g6 6. O-O Bg7 7. Ne5 Nxe5 8. Bxe5 O-O 9. f4 Ne8 10. Nc3 f6 11. Nxd5 fxe5 12. fxe5 Rxf1+ 13. Qxf1 Bxe5 14.
Bc4 e6 15. Nc3 Bxc3 16. dxc3 Qe7 17. Qf4 Ng7 18. Rf1 b6 19. Qe5 Bb7 20. Rf6 Re8 21.
Bb5 Rf8 22. Rxf8+ Qxf8 23. Bc4 Qe8 24. e4 Qc6 25. Bd3 a6 26. a4 h5 27. Qf6 Kh7 28.
Qe7 b5 29. axb5 axb5 30. c4 bxc4 31. bxc4 Ba8 32. h3 Kh6 33. Qf8 Kh7 34. Qe7 Qb7 35. Qxc5 h4 36. Qg5 Nh5 37. Qxh4 Qa7+ 38. Kh2 Qc7+ 39.
Kg1 Qf4 40. Qe7+ Kh6 41. Qd8 Qe3+ 42. Kh2 Bxe4 43. Qh8+ Kg5 44. Qe5+ Kh6 45. Qxe4 Qxe4 46. Bxe4 Nf6 47. Bf3 Nd7 48. Kg3 e5 49. Bg4 Nc5 50. Kf3 Kg5 51. Ke3 Kh4 52. Bf3 Kg3 53. Bd5 g5 54.
Bf3 Kh4 55. Kf2 g4 56. Bxg4 Kg5 57. Ke3 Kh4 58. Kf3 e4+ 59. Kf4 Ne6+ 60. Bxe6 e3 61. g3+ Kh5 62. Kxe3 1-0

[Event "Early-Titled-Tuesday-Blitz-May-07-2024"]
[Site "Chess.com"]
[Date "2024.05.07"]
[Round "11"]
[White "ab-lsv"]
[Black "CristianS27"]
[Result "1/2-1/2"]
[WhiteElo "2384"]
[BlackElo "2527"]
[TimeControl "180+1"]
[EndTime "10:15:32 PDT"]
[Termination "Game drawn by repetition"]

1. d4 Nf6 2. c4 e5 3. dxe5 Ng4 4.
e4 Nxe5 5. f4 Ng6 6. Nc3 Bc5 7.
Qh5 d6 8. f5 Ne5 9. Bg5 Qd7 10.
Nf3 Nxf3+ 11. gxf3 Nc6 12. O-O-O Nd4 13. Be3 Nb3+ 14.
axb3 Bxe3+ 15. Kc2 c6 16. Bh3 Qe7 17. Rhe1 Bf4 18.
Qg4 Bxh2 19. f4 h5 20. Qxg7 Qf8 21. Qg5 Rg8 22. Qh4 Qh6 23. Ne2 Qg7 24. Rh1 Bg3 25.
Qxh5 Rh8 26. Qf3 Bh4 27. Rxd6 Be7 28. f6 Bxf6 29. e5 Be7 30. Rdd1 Bxh3 31. Rxh3 Rxh3 32.
Qxh3 Rd8 33. Rxd8+ Kxd8 34. Nd4 Bc5 35. Nf5 Qg6 36.
Kc3 a5 37. Qh8+ Kc7 38. Qh3 Bb4+ 39. Kd4 Qg1+ 40. Ke4 Qb1+ 41. Kf3 Qxb2 42. Qh7 Qxb3+ 43. Kg4 Qxc4 44. Nh6 a4 45. Nxf7 Kb6 46. Nd6 Qe2+ 47. Kg5 Qg2+ 48. Kf6 Bxd6 49. exd6 Qd5 50. Qc7+ Ka6 51.
d7 Qd4+ 52. Kf5 Qd5+ 53. Kf6 Qd4+ 54. Kf5 Qd3+ 55. Kf6 Qd4+ 1/2-1/2

[Event "Early-Titled-Tuesday-Blitz-May-07-2024"]
[Site "Chess.com"]
[Date "2024.05.07"]
[Round "11"]
[White "Boundless_Strike"]
[Black "alexrustemov"]
[Result "0-1"]
[WhiteElo "2687"]
[BlackElo "2934"]
[TimeControl "180+1"]
[EndTime "10:15:33 PDT"]
[Termination "alexrustemov won by checkmate"]

1. d3 d5 2. e4 dxe4 3. Nc3 exd3 4. Bxd3 Nf6 5. Qe2 Bg4 6. f3 Bh5 7. Bg5 e6 8. O-O-O Nbd7 9. Nh3 Bd6 10. Nf4 Bxf4+ 11.
Bxf4 a6 12. h4 Bg6 13. Bxg6 hxg6 14. g4 c6 15. h5 gxh5 16. g5 Ng8 17. Ne4 Ne7 18.
Nd6+ Kf8 19. Rhe1 Nd5 20. Rxd5 exd5 21. Nxf7 Qe8 22. Bd6+ Kxf7 23. g6+ Kxg6 24. Qg2+ Kf7 25. Rxe8 Raxe8 26. f4 h4 27. f5 Rh6 28. Bf4 h3 29.
Qg1 Reh8 30. Bxh6 Rxh6 31. Qh2 Nf6 32. Kd2 Kg8 33. Ke2 Ng4 34. Qb8+ Kh7 35. f6 Nxf6 36.
Qh2 Ng4 37. Qh1 h2 38. Kf3 Nf6 39. c3 Ne4 40. c4 g5 41. cxd5 cxd5 42. Kg2 Kg6 43. b4 g4 44. a4 g3 45. b5 axb5 46. axb5 Rh4 47. Kf3 Kg5 48. b6 Rf4+ 49. Kg2 Rf2+ 50.
Kh3 g2 51. Qc1+ Kf5 52. Qc8+ Ke5 53. Qh8+ Kf4 54. Kxh2 Ke3 55. Qc8 Ke2 56. Qxb7 Nd2 57. Qa6+ Ke1 58. b7 Nf3+ 59. Kg3 g1=Q+ 60. Kf4 Qg5# 0-1

[Event "Early-Titled-Tuesday-Blitz-May-07-2024"]
[Site "Chess.com"]
[Date "2024.05.07"]
[Round "11"]
[White "Artemiki"]
[Black "Caroexpert"]
[Result "1-0"]
[WhiteElo "2524"]
[BlackElo "2666"]
[TimeControl "180+1"]
[EndTime "10:15:33 PDT"]
[Termination "Artemiki won by checkmate"]

1. e4 c6 2. Nf3 d5 3. d3 Bg4 4.
Be2 dxe4 5. dxe4 Qc7 6. O-O e5 7. Be3 Nf6 8. Nbd2 Nbd7 9. c3 Bc5 10. Bxc5 Nxc5 11. Qc2 O-O 12. h3 Bxf3 13. Bxf3 Rad8 14. b4 Ne6 15. g3 Ng5 16. Bg2 Qd7 17. h4 Nh3+ 18. Bxh3 Qxh3 19. Nf3 Ng4 20. Rfd1 Rde8 21.
Qe2 f5 22. Qc4+ Kh8 23. Qf1 Qxf1+ 24. Rxf1 fxe4 25. Ng5 e3 26. fxe3 Nxe3 27. Rxf8+ Rxf8 28. Re1 Nc4 29. Re4 b5 30. a4 h6 31. Ne6 Rf3 32.
axb5 cxb5 33. Rg4 e4 34. Rxe4 Rxg3+ 35. Kh2 Rxc3 36. Nf8 h5 37. Re8 Kg8 38. Nd7+ Kf7 39. Ra8 Rc2+ 40. Kg3 Ra2 41. Kf4 Ke6 42. Nc5+ Kd5 43.
Rd8+ Kc6 44. Rc8+ Kd6 45. Rd8+ Ke7 46. Rd7+ Kf6 47. Ne4+ Kg6 48. Rb7 Re2 49. Rxa7 Re1 50. Ra6+ Kh7 51. Ng5+ Kg8 52. Ra8+ Re8 53. Rxe8# 1-0

[Event "Early-Titled-Tuesday-Blitz-May-07-2024"]
[Site "Chess.com"]
[Date "2024.05.07"]
[Round "11"]
[White "zajka-molotok"]
[Black "FREDERICKtheMATE"]
[Result "1/2-1/2"]
[WhiteElo "2561"]
[BlackElo "2694"]
[TimeControl "180+1"]
[EndTime "10:15:34 PDT"]
[Termination "Game drawn by stalemate"]

1. b3 b6 2. Bb2 Bb7 3. e3 Nf6 4.
Nf3 g6 5. Be2 Bg7 6. O-O O-O 7. d4 c5 8. c4 cxd4 9. Nxd4 d5 10. Nc3 dxc4 11. Bf3 Qc8 12. Rc1 Rd8 13. Ncb5 Na6 14. Rxc4 Qb8 15. Ba3 e5 16. Bxb7 Qxb7 17. Qf3 Qxf3 18. Nxf3 Ne8 19. Rfc1 f6 20. g3 Rd5 21.
Rc8 Rxc8 22. Rxc8 Rxb5 23. Rxe8+ Kf7 24. Re7+ Kg8 25. Rxa7 Ra5 26. Be7 Rxa2 27. b4 b5 28. Rb7 Ra4 29. Rxb5 Kf7 30. Rb7 Ke6 31. Bc5 Nxc5 32.
bxc5 Bf8 33. c6 Rc4 34. Rxh7 Rxc6 35. h4 Rc2 36. Ra7 Kf5 37. Ra5 Ke4 38. Kg2 Bc5 39.
Ra4+ Kf5 40. g4+ Ke6 41. Ra6+ Bd6 42. Ne1 Rc4 43. f3 Rc3 44. Kf2 Ke7 45. h5 gxh5 46.
gxh5 Bc5 47. Ng2 Kf7 48. Ra8 Kg7 49. Ra6 Kf7 50. h6 Kg6 51. h7 Kxh7 52. Rxf6 Rc2+ 53.
Kg3 Re2 54. Re6 Bxe3 55. Rxe5 Bf2+ 56. Kf4 Rxe5 57. Kxe5 Kg7 58. Nf4 Bg3 59. Kf5 Bxf4 60. Kxf4 Kf6 61. Ke4 Ke6 62. Kf4 Kf6 63. Kg4 Kg6 64.
f4 Kf6 65. f5 Kf7 66. Kg5 Kg7 67. f6+ Kf7 68. Kf5 Kf8 69. Ke6 Ke8 70. Ke5 Kf7 71.
Kf5 Kf8 72. Kg6 Kg8 73. Kh6 Kf7 74. Kg5 Kf8 75. Kg6 Kg8 76. f7+ Kf8 77. Kf6 1/2-1/2

[Event "Early-Titled-Tuesday-Blitz-May-07-2024"]
[Site "Chess.com"]
[Date "2024.05.07"]
[Round "11"]
[White "LamaChampetre"]
[Black "shirovin"]
[Result "1-0"]
[WhiteElo "2191"]
[BlackElo "2071"]
[TimeControl "180+1"]
[EndTime "10:15:35 PDT"]
[Termination "LamaChampetre won on time"]

1. d4 f5 2. g3 Nf6 3. Bg2 g6 4. Nf3 Bg7 5. O-O O-O 6. b3 d6 7. Bb2 a5 8. Nbd2 a4 9. bxa4 Bd7 10. a5 Rxa5 11. c4 Ba4 12. Nb3 Bxb3 13. Qxb3 Ra6 14. c5+ Kh8 15. Qxb7 dxc5 16. dxc5 Qd5 17.
Qxd5 Nxd5 18. Bxg7+ Kxg7 19. Ng5 Nc3 20. c6 Nxe2+ 21.
Kh1 Nc3 22. Ne6+ Kg8 23. Nxf8 Kxf8 24. a3 e5 25. Rfc1 Ne2 26. Rc5 e4 27. f3 Nd4 28.
fxe4 Nb3 29. Rb5 Nxa1 30. Rxb8+ Ke7 31. exf5 gxf5 32. Rh8 Rxa3 33. Rxh7+ Kd6 34. Rd7+ Ke5 35. Rxc7 Nc2 36. h3 Ne3 37. Bf3 Ra1+ 38. Kh2 Ra2+ 39. Kg1 Ra1+ 40. Kf2 Nc4 41. Re7+ Kd6 42. Re2 Ra8 43.
h4 Rc8 44. Rc2 Ne5 45. Rd2+ Kc7 46. Rd5 Nxc6 47. Rxf5 Ra8 48. Bxc6 Kxc6 49. g4 Rg8 50. Kf3 Rd8 51. h5 Rd3+ 52. Kf4 Rd1 53. Kg5 Rg1 54. h6 Rh1 55. Rf7 Kd5 56. h7 Ke6 57. Ra7 Rh3 58.
Kg6 Rh4 59. g5 Rh3 60. Kg7 Rh5 61. g6 Ke5 62. h8=Q Rxh8 63. Kxh8 Kf6 64. g7 1-0

[Event "Early-Titled-Tuesday-Blitz-May-07-2024"]
[Site "Chess.com"]
[Date "2024.05.07"]
[Round "11"]
[White "AlexanderKing"]
[Black "Kushch_Nikolai"]
[Result "1-0"]
[WhiteElo "2566"]
[BlackElo "2421"]
[TimeControl "180+1"]
[EndTime "10:15:38 PDT"]
[Termination "AlexanderKing won on time"]

1. g3 Nf6 2. Bg2 c5 3. Nf3 Nc6 4. O-O e6 5. c4 Be7 6. d4 cxd4 7. Nxd4 O-O 8. Nc3 a6 9. b3 Qc7 10. Bb2 d6 11. Rc1 Ne5 12. Qd2 Bd7 13. Rfd1 Ng6 14. h4 Rac8 15. Nf3 Qb8 16. Ba3 Bc6 17. Bxd6 Bxd6 18.
Qxd6 Qa7 19. Qd4 Qb8 20. Qd6 Qa7 21. Qd4 Qb8 22. Qd2 Qa7 23. e3 h6 24. Qe2 Qb8 25. Nd4 Bd7 26. Nc2 Kh8 27. Nb4 e5 28. Nd3 Bg4 29.
Bf3 Be6 30. e4 Rcd8 31. Nb4 Rd4 32. Nbd5 Bxd5 33. cxd5 b5 34. Qe3 Qb6 35. Ne2 Rxd1+ 36. Rxd1 Qxe3 37. fxe3 h5 38. Rc1 Ne7 39. Rc7 Nc8 40.
Rc6 a5 41. Kf2 Rd8 42. Ra6 a4 43. bxa4 bxa4 44. Rxa4 Nd6 45. Rb4 Ra8 46. a4 Kh7 47. Ke1 Kh6 48. Kd2 g5 49. hxg5+ Kxg5 50. Nc3 h4 51.
gxh4+ Kxh4 52. Kd3 Kg3 53. Bd1 Ra5 54. Rb6 Nfe8 55. Bb3 f6 56. Bc4 Rc5 57. Bb5 Nxb5 58. Nxb5 Kf3 59. a5 Rc1 60. Nc3 Ra1 61. a6 Nc7 62.
Rxf6+ Kg4 63. d6 1-0

[Event "Early-Titled-Tuesday-Blitz-May-07-2024"]
[Site "Chess.com"]
[Date "2024.05.07"]
[Round "11"]
[White "FXDon77"]
[Black "viktorskliarov"]
[Result "1-0"]
[WhiteElo "2890"]
[BlackElo "2675"]
[TimeControl "180+1"]
[EndTime "10:15:40 PDT"]
[Termination "FXDon77 won by resignation"]

1. e4 c5 2. Nf3 Nc6 3. Bb5 e6 4. O-O Nge7 5. d4 cxd4 6. Nxd4 Qb6 7. Nxc6 dxc6 8. Be2 e5 9. Nd2 Ng6 10. Nc4 Qc7 11. a4 Be6 12. Be3 Be7 13. c3 O-O 14. a5 Nf4 15. Qc2 Rfd8 16. Rfd1 Nxe2+ 17. Qxe2 Rxd1+ 18. Rxd1 Rd8 19. Rxd8+ Qxd8 20. b4 Bxc4 21. Qxc4 Qd1+ 22. Qf1 Qc2 23. Qc1 Qxe4 24. Bxa7 Qd3 25. h3 e4 26. Bd4 Bxb4 27. Qg5 Bf8 28. Qe5 h6 29. Qc7 Qb5 30. Qc8 Qxa5 31. Qxb7 Qb5 32. Qc8 Qd5 33. Qe8 c5 34. Be3 Qd1+ 35. Kh2 Qd6+ 36.
g3 Qd5 37. h4 Qd6 38. Qxe4 Qf6 39. c4 Qe6 40. Qxe6 fxe6 41. Kg2 Kf7 42. Kf3 Ke7 43.
Ke4 Kd7 44. h5 Be7 45. g4 Bf8 46. f3 Be7 47. Bf4 Bf6 48. Be5 Kc6 49. f4 Kd7 50. g5 Bxe5 51. Kxe5 Ke7 52. gxh6 gxh6 53. f5 exf5 54. Kxf5 Kf7 55. Ke5 Ke7 56. Kd5 Kf6 57. Kxc5 Kg5 58. Kd4 Kxh5 59. c5 Kg4 60. c6 h5 61. c7 h4 62. c8=Q+ Kg3 63. Qg8+ 1-0

[Event "Early-Titled-Tuesday-Blitz-May-07-2024"]
[Site "Chess.com"]
[Date "2024.05.07"]
[Round "11"]
[White "vladgoncharov"]
[Black "Meri-Arabidze"]
[Result "0-1"]
[WhiteElo "2587"]
[BlackElo "2713"]
[TimeControl "180+1"]
[EndTime "10:15:42 PDT"]
[Termination "Meri-Arabidze won on time"]

1. d4 Nf6 2. c4 e6 3. Nc3 Bb4 4. Qc2 O-O 5. a3 Bxc3+ 6. Qxc3 b6 7. Nf3 Bb7 8. g3 d6 9. Bg2 Nbd7 10. O-O Qe7 11. b4 e5 12. Bb2 Rae8 13. e3 h6 14. Rac1 Ba8 15. Rfd1 e4 16. Nd2 Nh7 17. c5 Bd5 18.
cxd6 cxd6 19. Qc7 Nb8 20. Qxe7 Rxe7 21. h4 f5 22. b5 g5 23. hxg5 hxg5 24. a4 g4 25. Ba3 Rd7 26. Nc4 Bxc4 27. Rxc4 Ng5 28. Rdc1 Kf7 29. Rc8 Rfd8 30. Rxd8 Rxd8 31. Rc7+ Ke6 32.
Bb4 Nd7 33. Bf1 Nf3+ 34. Kg2 Nf6 35. Bc4+ Nd5 36. Rc6 Ng5 37. Kf1 Nh7 38. Ke2 Nf6 39.
Be1 Rd7 40. Rc8 Rh7 41. Ra8 Rc7 42. Bb3 Ke7 43. a5 Nc3+ 44. Bxc3 Rxc3 45. Bd1 bxa5 46. Rxa7+ Ke6 47. Rxa5 Nd5 48. Ra4 Rc1 49. Ra6 Rb1 50. Kd2 Rb2+ 51. Bc2 Nb4 52. Kc3 Rxc2+ 53. Kxb4 Rxf2 54. b6 Rb2+ 55. Ka5 Kd5 56. Ra7 Ra2+ 57. Kb5 Rb2+ 58. Ka6 Rb3 59. Rf7 Rxe3 60. b7 Ra3+ 61. Kb6 Rb3+ 62. Kc7 Kxd4 0-1

[Event "Early-Titled-Tuesday-Blitz-May-07-2024"]
[Site "Chess.com"]
[Date "2024.05.07"]
[Round "11"]
[White "masnyszachistaaa"]
[Black "Juicy_Fork"]
[Result "1-0"]
[WhiteElo "2593"]
[BlackElo "2453"]
[TimeControl "180+1"]
[EndTime "10:15:43 PDT"]
[Termination "masnyszachistaaa won on time"]

1. c4 Nf6 2. Nf3 e6 3. e3 d5 4. b3 c5 5. Bb2 Be7 6. cxd5 exd5 7. d4 O-O 8. Be2 Ne4 9. O-O Nc6 10. dxc5 Bf6 11. Qc1 Bxb2 12. Qxb2 Nxc5 13. Rd1 Ne4 14. Nc3 Qf6 15. Rac1 Be6 16. Qc2 Nb4 17. Nxe4 dxe4 18. Qxe4 Nxa2 19. Qxb7 Nxc1 20. Rxc1 Qb2 21. Re1 Qxb3 22.
Qa6 Qb6 23. Qa1 a5 24. Nd4 Bd5 25. Nf5 Qf6 26. Qxf6 gxf6 27. Ne7+ Kg7 28. Nxd5 a4 29. Bc4 a3 30. g4 Ra4 31. Ba2 Rb8 32. h3 Rb2 33. Ra1 Ra5 34. Nc3 Rc2 35. Nb1 Rc1+ 36. Kg2 Rb5 37. Kg3 Rb2 38. h4 Rcc2 39. Bd5 a2 40.
Na3 Rxf2 41. g5 fxg5 42. hxg5 Rfe2 43. e4 Re3+ 44. Kf4 Rxa3 45. Ke5 Rg2 46. Kf4 Ra5 47.
Ke5 Rxg5+ 48. Kd4 Rg2 49. e5 h5 50. Bxg2 h4 51. Ke4 Ra3 52. Kf5 Kh6 53. Be4 Kh5 54.
Kf4 h3 55. Bd5 Kh4 56. Bxf7 h2 57. Bd5 Kh3 58. e6 Ra4+ 59. Ke5 Ra5 60. e7 Ra7 61. e8=Q 1-0

[Event "Early-Titled-Tuesday-Blitz-May-07-2024"]
[Site "Chess.com"]
[Date "2024.05.07"]
[Round "11"]
[White "ChessSwole"]
[Black "willyam13"]
[Result "0-1"]
[WhiteElo "2617"]
[BlackElo "2476"]
[TimeControl "180+1"]
[EndTime "10:15:46 PDT"]
[Termination "willyam13 won by checkmate"]

1. d4 Nf6 2. Nf3 d5 3. c4 c6 4. Nc3 e6 5. e3 Nbd7 6. Be2 Bd6 7. O-O O-O 8. b3 a6 9. Bb2 Qe7 10. Bd3 dxc4 11. Bxc4 e5 12. dxe5 Nxe5 13. Nxe5 Qxe5 14. g3 Bg4 15. Qd4 Qxd4 16. exd4 Rad8 17. Rfe1 Bb4 18.
a3 Ba5 19. b4 Bb6 20. Ne4 Bxd4 21. Nxf6+ gxf6 22. Bxd4 Rxd4 23. Rac1 Rfd8 24. Kg2 Kf8 25. h3 Bf5 26. g4 Bg6 27. Re3 f5 28. g5 f4 29. Re5 Be4+ 30. Kh2 Bd5 31. Bf1 Be6 32.
Rce1 Rd2 33. Kg2 Ra2 34. Ra5 Rdd2 35. Kf3 Rxf2+ 36. Ke4 Ke7 37. h4 Rad2 38. Ke5 Rc2 39. Bd3 Rcd2 40. Bxh7 Rfe2+ 41. Rxe2 Rxe2+ 42. Kxf4 Rh2 43.
Kg3 Rh3+ 44. Kg2 Rxh4 45. Bd3 Rg4+ 46. Kf3 Rg1 47. Ke3 Bd5 48. Kf4 Rf1+ 49. Kg3 Rf3+ 50.
Kg4 Rxd3 51. Kf4 Rd4+ 52. Ke5 Rg4 53. Kf5 Rg2 54. Rc5 Kd6 55. Rc3 Ra2 56. Kf6 Rf2+ 57. Kg7 Rb2 58. Re3 Rb3 59. Re8 Rxa3 60. Kf6 Rb3 61.
Rd8+ Kc7 62. Rh8 Rxb4 63. Ke7 a5 64. g6 fxg6 65. Kf6 Re4 66. Rh7+ Kb6 67. Rh6 a4 68. Rxg6 Re6+ 69. Kg7 Rxg6+ 70. Kxg6 a3 71. Kf6 a2 72. Ke7 a1=Q 73. Kd8 Qf6+ 74. Kd7 Qe6+ 75. Kd8 Qf7 76. Kc8 Be6+ 77. Kd8 Qd7# 0-1

[Event "Early-Titled-Tuesday-Blitz-May-07-2024"]
[Site "Chess.com"]
[Date "2024.05.07"]
[Round "11"]
[White "AttilaTurzo"]
[Black "GeorgiosSouleidis"]
[Result "0-1"]
[WhiteElo "2478"]
[BlackElo "2691"]
[TimeControl "180+1"]
[EndTime "10:15:50 PDT"]
[Termination "GeorgiosSouleidis won by resignation"]

1. e4 c5 2. Nf3 e6 3. d4 cxd4 4.
Nxd4 Nf6 5. Nc3 Nc6 6. Ndb5 Bc5 7. Nd6+ Ke7 8. Nxc8+ Rxc8 9. Bd3 Qc7 10. O-O h5 11. Bg5 h4 12. Kh1 Kf8 13. Bxf6 gxf6 14. f4 Ne7 15. Qf3 a6 16. f5 Bd4 17. fxe6 dxe6 18.
Nd1 Be5 19. h3 Ng6 20. c3 Rd8 21. Nf2 Nf4 22. Rad1 Qb6 23. b3 Ke7 24. Ng4 Qc5 25. Bc4 b5 26. Be2 Rxd1 27. Rxd1 Qxc3 28. Qxc3 Bxc3 29. Bf1 Rd8 30. Rxd8 Kxd8 31. Kg1 Ke7 32. Kf2 Kd6 33. g3 hxg3+ 34. Kxg3 Nh5+ 35. Kf3 Kc5 36. Ke3 Kb4 37. Kd3 Bb2 38. Kc2 Bd4 39. Nh6 Nf4 40. Nxf7 Ka3 41. Kb1 Nh5 42. Nd8 Ng3 43. Nxe6 Be5 44. Bg2 Ne2 45. h4 Nc3+ 46. Kc2 Nxa2 47.
h5 Nb4+ 48. Kd2 Kxb3 49. h6 f5 50. exf5 a5 51. h7 a4 52. Nc5+ Kc4 53. Nd7 Bh8 54.
f6 a3 55. f7 a2 56. f8=Q a1=Q 57. Qc5+ Kb3 58. Bd5+ Nxd5 59. Qxd5+ Kb4 60. Qc5+ Ka4 61.
Qa7+ Kb3 62. Qxa1 Bxa1 63. Kd3 Bg7 64. Nf8 b4 65. Ng6 Ka2 66. h8=Q Bxh8 67. Nxh8 b3 68. Ng6 b2 69. Ne5 b1=Q+ 70. Kd4 Qb2+ 0-1

[Event "Early-Titled-Tuesday-Blitz-May-07-2024"]
[Site "Chess.com"]
[Date "2024.05.07"]
[Round "11"]
[White "Kotofeyca"]
[Black "JJDAREK"]
[Result "1/2-1/2"]
[WhiteElo "2511"]
[BlackElo "2401"]
[TimeControl "180+1"]
[EndTime "10:15:52 PDT"]
[Termination "Game drawn - insufficient material"]

1. d4 d6 2. c4 e5 3. Nf3 e4 4. Nfd2 f5 5. f3 Nf6 6. Nc3 exf3 7. exf3 g6 8. Bd3 Bg7 9. O-O O-O 10. Nb3 a5 11.
Be3 Re8 12. Bf2 Nc6 13. d5 Ne5 14. Be2 a4 15. Nd4 a3 16. b3 Bd7 17. Qd2 Nf7 18. Rae1 Bh6 19. Qc2 c6 20. dxc6 bxc6 21. Rd1 Qa5 22.
Rfe1 Re7 23. Bf1 Rae8 24. Rxe7 Rxe7 25. Nde2 d5 26. cxd5 cxd5 27. Nd4 Be3 28. Bxe3 Rxe3 29. Ncb5 Qb6 30. Qc1 Re8 31. Qxa3 Bxb5 32. Bxb5 Rc8 33. Qe7 Rc7 34. Qe3 Nd6 35. a4 Nxb5 36. axb5 Kf7 37. Re1 Qd6 38. h4 h5 39. Qh6 Qc5 40. Qe3 Qd6 41. Kh1 Re7 42. Qxe7+ Qxe7 43. Rxe7+ Kxe7 44. b6 Nd7 45. b7 Kd6 46. b4 Kc7 47. Ne6+ Kxb7 48.
Nf4 Kc6 49. Kh2 Nf8 50. Kg3 d4 51. Kf2 Kb5 52. Nd3 Kc4 53. Ke2 Ne6 54. Ne5+ Kxb4 55. Nxg6 Kc3 56. Ne5 Nc5 57. g3 d3+ 58. Nxd3 Nxd3 59.
Ke3 f4+ 60. gxf4 Kc4 61. Ke4 Ne1 62. f5 Kc5 63. f6 Kd6 64. Kf5 Nxf3 65. Kg6 Ne5+ 66.
Kxh5 Ke6 67. Kg5 Kf7 68. h5 Nd7 69. h6 Nxf6 70. Kf5 Nh7 71. Kg4 Kg6 72. Kh4 Kxh6 1/2-1/2

[Event "Early-Titled-Tuesday-Blitz-May-07-2024"]
[Site "Chess.com"]
[Date "2024.05.07"]
[Round "11"]
[White "rookpower2004"]
[Black "Flaccidmoves"]
[Result "1/2-1/2"]
[WhiteElo "2519"]
[BlackElo "2382"]
[TimeControl "180+1"]
[EndTime "10:15:52 PDT"]
[Termination "Game drawn - insufficient material"]

1. e4 d6 2. d4 Nf6 3. Nc3 e5 4. Nge2 Nc6 5. h3 d5 6. dxe5 Nxe4 7.
Nxd5 Bc5 8. Be3 Bxe3 9. Nxe3 Qxd1+ 10. Rxd1 Nxe5 11. Nd5 O-O 12. Nxc7 Rb8 13. Nd5 Be6 14. Nec3 Nxc3 15. Nxc3 Rfe8 16. Be2 Bc4 17. Kf1 Rbd8 18. Rxd8 Rxd8 19. Ke1 Bxe2 20. Kxe2 Nc4 21. b3 Rd2+ 22.
Kf3 Rxc2 23. Nb5 Ne5+ 24. Kg3 Rxa2 25. Rc1 g5 26. Rc8+ Kg7 27. Rc7 Rb2 28. Nd4 Nc6 29.
Nxc6 bxc6 30. Rxc6 Rxb3+ 31. Kg4 f6 32. Ra6 Kg6 33. f3 h5+ 34. Kg3 h4+ 35. Kf2 Rb7 36. Kg1 Kf5 37. Kh2 Ke5 38. Ra5+ Ke6 39. Ra6+ Kf7 40.
Kg1 Rd7 41. Kf2 Kg6 42. Kg1 Kf5 43. Kf2 Ke5 44. Ra5+ Ke6 45. Ra6+ Ke7 46. Kg1 Kd8 47. Rxf6 Kc7 48. Rf5 Rg7 49. f4 gxf4 50. Rxf4 Rh7 51. Kf2 Kb6 52. g3 hxg3+ 53. Kxg3 Kb5 54. h4 a5 55. Kg4 a4 56. h5 a3 57. Kg5 a2 58. Rf1 Rg7+ 59. Kh6 Rg2 60. Kh7 Rb2 61. Ra1 Kb4 62. h6 Kb3 63. Kg7 Rg2+ 64. Kh8 Kb2 65.
Rxa2+ Kxa2 66. h7 Rh2 67. Kg8 Rxh7 68. Kxh7 1/2-1/2

[Event "Early-Titled-Tuesday-Blitz-May-07-2024"]
[Site "Chess.com"]
[Date "2024.05.07"]
[Round "11"]
[White "kanzaww"]
[Black "alvarorodriguezavila"]
[Result "1/2-1/2"]
[WhiteElo "2494"]
[BlackElo "2350"]
[TimeControl "180+1"]
[EndTime "10:15:53 PDT"]
[Termination "Game drawn by stalemate"]

1. e4 c5 2. Nf3 g6 3. d4 cxd4 4.
Nxd4 Bg7 5. c4 Nc6 6. Be3 Nf6 7.
Nc3 O-O 8. Be2 d6 9. O-O Nxd4 10. Bxd4 Bd7 11. h3 Bc6 12. Qc2 a5 13. Rad1 a4 14. f4 Qa5 15. Bf3 Qb4 16. e5 dxe5 17. fxe5 Ne8 18. Bxc6 bxc6 19. Ne4 Qa5 20. Bc5 Qc7 21. e6 f5 22. Ng5 Nf6 23. Qe2 h6 24. Nf7 Ne4 25. Be3 Ng3 26. Qf3 Nxf1 27. Rxf1 Rxf7 28.
exf7+ Kxf7 29. h4 e6 30. h5 g5 31. Qe2 Rb8 32. Bc1 Qe5 33. Qc2 Qa5 34. Qd3 Rd8 35.
Qe2 Qc5+ 36. Kh1 Qe5 37. Qf3 Rd4 38. Be3 Rh4+ 39. Kg1 Qe4 40. Qe2 Bd4 41. Rf3 Bxe3+ 42.
Rxe3 Qxc4 43. Qd2 Rd4 44. Qf2 Rd1+ 45. Kh2 Qf4+ 46. Qxf4 gxf4 47. Rc3 Rd2 48. b3 Rxa2 49. bxa4 Rxa4 50. Rxc6 Kf6 51. Rc8 Kg5 52. Rg8+ Kxh5 53. Re8 Ra6 54. Rg8 Rb6 55. Rg7 e5 56. Rg8 Re6 57. Kh3 Rg6 58. Rf8 Kg5 59. Re8 e4 60.
Re5 Rf6 61. Re8 f3 62. gxf3 exf3 63. Kg3 f4+ 64. Kxf3 Kh4 65. Rg8 h5 66. Rg7 Kh3 67. Rg8 h4 68. Rg7 Kh2 69. Kf2 h3 70. Rg8 f3 71. Rg7 Kh1 72. Rg8 h2 73. Rg7 Rf5 74.
Rg8 Rf8 75. Rxf8 1/2-1/2

[Event "Early-Titled-Tuesday-Blitz-May-07-2024"]
[Site "Chess.com"]
[Date "2024.05.07"]
[Round "11"]
[White "Alenzer"]
[Black "luggevoila"]
[Result "0-1"]
[WhiteElo "2209"]
[BlackElo "2310"]
[TimeControl "180+1"]
[EndTime "10:16:03 PDT"]
[Termination "luggevoila won on time"]

1. e4 e5 2. Nf3 Nc6 3. Bb5 a6 4. Ba4 d6 5. c3 f5 6. d3 Nf6 7.
Bg5 Be7 8. O-O O-O 9. Nbd2 fxe4 10. dxe4 Kh8 11. Bb3 Nh5 12. Bxe7 Qxe7 13. Kh1 Qf6 14. Bc4 Nf4 15. Rg1 Bg4 16. Be2 Ne7 17. Qf1 Nxe2 18.
Qxe2 Ng6 19. Qe3 Nf4 20. h3 Nxh3 21. gxh3 Bxf3+ 22. Kh2 Bh5 23. Rg2 Rf7 24. Rag1 Raf8 25. Nf1 h6 26. Ng3 Bf3 27. Nf5 Bxg2 28. Rxg2 Qe6 29.
a3 Rxf5 30. exf5 Qxf5 31. Qg3 Qf4 32. Qxf4 Rxf4 33. Kg3 Kg8 34. f3 Kf7 35. Re2 Ke6 36. c4 Rxc4 37. b4 Rc3 38. a4 Rc4 39. Rb2 d5 40. b5 a5 41. b6 c6 42. Kf2 Rxa4 43. Ke3 Rb4 44. Ra2 a4 45. Ra1 Rb3+ 46. Ke2 a3 47.
Kf2 e4 48. fxe4 dxe4 49. Ke2 Rxh3 50. Kf2 Rb3 51. Ke2 Ke5 52. Rg1 a2 53. Ra1 Rb2+ 54.
Ke3 g5 55. Rxa2 Rb3+ 56. Ke2 Rxb6 57. Ra8 g4 58. Rh8 Rb2+ 59. Ke3 Rb3+ 60. Ke2 Kf4 61. Rf8+ Kg3 62. Re8 e3 63. Rh8 Kf4 64. Rxh6 Rb2+ 65. Ke1 g3 66. Rg6 g2 67. Rf6+ Ke4 68. Rg6 g1=Q+ 69.
Rxg1 Kd3 0-1